 Dungeon Crawl Stone Soup version 0.20.2-3-g29329e0561 (webtiles) character file.

408 Alfie the Slasher (level 6, -4/56 HPs)
             Began as a Minotaur Fighter on Nov 27, 2020.
             Killed from afar by an electric eel (10 damage)
             ... with a bolt of electricity
             ... on level 4 of the Dungeon.
             The game lasted 00:06:51 (2418 turns).

Alfie the Slasher (Minotaur Fighter)                Turns: 2418, Time: 00:06:51

Health: -4/56      AC:  8    Str: 22    XL:     6   Next: 57%
Magic:  5/5        EV:  8    Int:  5    God:
Gold:   260        SH:  9    Dex: 10    Spells: 5/5 levels left

rFire    . . .     SeeInvis .   a - +0 long sword
rCold    . . .     Gourm    .   c - +0 shield
rNeg     . . .     Faith    .   b - +0 scale mail
rPois    .         Spirit   .   (helmet restricted)
rElec    .         Reflect  .   (no cloak)
rCorr    .         Harm     .   m - +0 pair of gloves
MR       .....                  (no boots)
Stlth    ..........             (no amulet)
Regen    0.2/turn               n - +6 ring of slaying
MPRegen  0.1/turn               (no ring)

@: no status effects
A: retaliatory headbutt, horns 2
a: no special abilities


You were on level 4 of the Dungeon.
You were not hungry.

You visited 1 branch of the dungeon, and saw 4 of its levels.

You collected 260 gold pieces.

Inventory:

Hand Weapons
 a - a +0 long sword (weapon)
Armour
 b - a +0 scale mail (worn)
 c - a +0 shield (worn)
 m - a +0 pair of gloves (worn)
Jewellery
 d - an uncursed ring of flight
 n - a +6 ring of slaying (left hand)
 s - an uncursed amulet of rage {unknown}
 z - an uncursed ring of wizardry {unknown}
Wands
 A - a wand of flame (17/48)
Scrolls
 h - 2 scrolls of amnesia {unknown}
 k - a scroll of noise {unknown}
 o - 3 scrolls of teleportation
 u - a scroll of magic mapping
 x - a scroll of enchant armour {unknown}
 y - a scroll of remove curse {unknown}
Potions
 e - a potion of magic {unknown}
 g - a potion of flight {unknown}
 j - a potion of mutation {unknown}
 l - a potion of heal wounds {unknown}
 q - a potion of berserk rage {unknown}
 r - 3 potions of curing {unknown}
 t - a potion of lignification {unknown}
 v - a potion of degeneration {unknown}
Comestibles
 f - 3 bread rations
 i - 2 meat rations


   Skills:
 + Level 5.2 Fighting
 + Level 5.8 Long Blades
 + Level 4.8 Armour
 + Level 1.6 Dodging
 + Level 0.5 Stealth
 + Level 4.5 Shields


You had 5 spell levels left.
You didn't know any spells.

Dungeon Overview and Level Annotations

Branches:
Dungeon (4/15)
 Temple: D:4-7

Altars:
Nemelex Xobeh
Okawaru
Sif Muna
Vehumet

Annotations:
D:4 1 transporter


Innate Abilities, Weirdness & Mutations

You reflexively headbutt those who attack you in melee.
You have a pair of horns on your head.


Message History

d - an uncursed ring of flight
As you read the scroll of identify, it crumbles to dust.
p - a cursed -2 ring of evasion Drop what? 26/52 slots (_ for help) (? for menu, Esc to quit)
You drop a cursed -2 ring of evasion.
The electric eel shoots out a bolt of lightning at you!
The bolt of electricity hits you!
The electric eel shoots out a bolt of lightning at you!
The bolt of electricity hits you!
The electric eel shoots out a bolt of lightning at you!
The bolt of electricity hits you! x2
* * * LOW HITPOINT WARNING * * *
The bolt of electricity hits the plant.
There is an open door here.
The electric eel shoots out a bolt of lightning at you!
The bolt of electricity hits you!
* * * LOW HITPOINT WARNING * * *
The electric eel shoots out a bolt of lightning at you!
The bolt of electricity hits you!
You die...

..<.....#...#...........##.....
.....................####.....
...#...............### #......
..##.......##....### #......
...................# #.......
..###############.# .......#
..#8P#≈≈≈≈≈;;#P8#.###.......
..#..#≈≈P≈≈..#=.#...........
.#©%+≈≈P♣;.@'..#©..........
#..#≈≈P≈≈..#..#...........
#8P#≈≈≈≈≈≈≈#P8#......##.##
##############.....##
.................#
.....#####.......# .....
#....#..# .# ....# #..##....
..####. .##


You could see 3 electric eels.

Vanquished Creatures
  The ghost of Alfie the Shield-Bearer, an amateur MiFi (D:4)
  4 worker ants (D:4)
  4 adders
  An ooze (D:1)
  An adder skeleton (D:4)
  A worm (D:2)
  A dart slug (D:2)
  4 orcs (D:3)
  3 ball pythons
  3 bats
  4 giant cockroaches
  7 goblins
  5 hobgoblins
  7 kobolds
  2 quokkas
  A frilled lizard (D:2)
  9 rats
58 creatures vanquished.

Notes
Turn   | Place    | Note
-------+----------+-------------------------------------------
     0 | D:1      | Alfie the Minotaur Fighter began the quest for the Orb.
     0 | D:1      | Reached XP level 1. HP: 19/19 MP: 0/0
   196 | D:1      | Reached XP level 2. HP: 27/27 MP: 1/1
   649 | D:2      | Reached XP level 3. HP: 25/33 MP: 2/2
   666 | D:2      | Found a faded altar of an unknown god.
   902 | D:2      | Found an iron altar of Okawaru.
   966 | D:2      | Found a sparkling altar of Nemelex Xobeh.
  1108 | D:2      | Found a deep blue altar of Sif Muna.
  1491 | D:3      | Reached XP level 4. HP: 40/41 MP: 3/3
  1898 | D:3      | Found a radiant altar of Vehumet.
  2087 | D:4      | Noticed Alfie's ghost (amateur MiFi)
  2094 | D:4      | Killed Alfie's ghost
  2094 | D:4      | Reached skill level 5 in Fighting
  2094 | D:4      | Reached skill level 5 in Long Blades
  2094 | D:4      | Reached skill level 1 in Dodging
  2094 | D:4      | Reached XP level 5. HP: 21/48 MP: 4/4
  2094 | D:4      | Reached XP level 6. HP: 25/56 MP: 5/5
  2372 | D:4      | Found a transporter.
  2375 | D:4      | Found a transporter.
  2418 | D:4      | Killed from afar by an electric eel

Skill      XL: |  1  2  3  4 |
---------------+-------------+-----
Armour         | 4 |  4.8
Fighting       | 4 5 |  5.2
Long Blades    | 3 5 |  5.8
Shields        | 4 |  4.5
Dodging        | 1 |  1.6
Stealth        | |  0.5

Action                   |  1- 3 |  4- 6 || total
-------------------------+-------+-------++-------
Melee: Long sword        |    86 |    36 ||   122
       Headbutt          |     9 |     9 ||    18
  Use: Scroll            |     5 |     3 ||     8
       Potion            |       |     1 ||     1
  Eat: Bread ration      |     1 |       ||     1
Armor: Scale mail        |    27 |     9 ||    36
Dodge: Dodged            |    21 |     7 ||    28
Block: Shield            |    50 |    17 ||    67
       Rpst.: Long sword |     2 |     3 ||     5
